[ AOE2 MATCH · #506773794 ]
UnrankedMongols vs Chinese
[ REPLAY ANALYSIS · EXTRACTED FROM THE RECORDED GAME ]
Feudal
11:42
Castle
27:34
Imperial
—
| APM avg | 25.1 |
| APM peak | 48 |
| eAPM avg | 15.8 |
| Villagers / military | 139 / 55 |
Focus
⚔️ 23.2% · 🌾 76.8%
Scout Cavalry ×27 · Mangudai ×19 · Spearman ×5 · Camel Scout ×3 · Mangonel ×1
Feudal
11:46
Castle
23:28
Imperial
42:04
| APM avg | 75.8 |
| APM peak | 116 |
| eAPM avg | 43.9 |
| Villagers / military | 183 / 79 |
Focus
⚔️ 41.9% · 🌾 58.1%
Knight ×52 · Scout Cavalry ×19 · Spearman ×8
Feudal
11:50
Castle
26:38
Imperial
—
| APM avg | 60.1 |
| APM peak | 105 |
| eAPM avg | 32.6 |
| Villagers / military | 130 / 133 |
Focus
⚔️ 41.8% · 🌾 58.2%
Fire Lancer ×95 · Scout Cavalry ×20 · Spearman ×9 · Battering Ram ×7 · Skirmisher ×2
Feudal
12:07
Castle
31:23
Imperial
—
| APM avg | 27.7 |
| APM peak | 83 |
| eAPM avg | 18.0 |
| Villagers / military | 78 / 12 |
Focus
⚔️ 22.7% · 🌾 77.3%
Skirmisher ×5 · Spearman ×4 · Rattan Archer ×2 · Mangonel ×1
Feudal
13:10
Castle
17:13
Imperial
—
| APM avg | 38.4 |
| APM peak | 61 |
| eAPM avg | 21.4 |
| Villagers / military | 130 / 79 |
Focus
⚔️ 23.9% · 🌾 76.1%
Magyar Huszar ×39 · Spearman ×30 · Monk ×5 · Knight ×2 · Battering Ram ×2 · Scout Cavalry ×1
Feudal
12:28
Castle
16:05
Imperial
37:17
| APM avg | 41.1 |
| APM peak | 99 |
| eAPM avg | 27.7 |
| Villagers / military | 165 / 78 |
Focus
⚔️ 36.2% · 🌾 63.8%
Rattan Archer ×73 · Trebuchet (Packed) ×4 · Monk ×1 · Trade Cart ×1
Match map
Initial resources + every placement click. Lines = walls · curves = elevation contours. ◆ gold · ⬟ stone · ● berries · ✦ relic · ◌ wall gap
Your base· Open — unwalled flank
HK | El Chairo's base· Open — 5t gap
FMG | Camilo's base· Open — unwalled flank
EXILE | Neany's base· Open — 2t gap
|FMG| Nadie's base· Open — 12t gap
|FMG| TINCHO's base· Open — unwalled flank
Smoothed initial terrain · ◌ = detected wall gap · hover for details
Inputs per minute
— EXILE | Obi - - HK | El Chairo
Build order — EXILE | Obi
First 150 of 285 actions detected
| 0:27 | Build | Town Center |
| 2:20 | Build | House |
| 2:27 | Create | Villager (Male) |
| 2:27 | Create | Villager (Male) |
| 2:27 | Create | Villager (Male) |
| 2:27 | Create | Villager (Male) |
| 2:28 | Create | Villager (Male) |
| 3:45 | Create | Villager (Male) |
| 3:46 | Create | Villager (Male) |
| 3:55 | Create | Villager (Male) |
| 3:55 | Create | Villager (Male) |
| 4:11 | Create | Villager (Male) |
| 4:11 | Create | Villager (Male) |
| 4:14 | Build | House |
| 4:23 | Create | Villager (Male) |
| 4:23 | Create | Villager (Male) |
| 4:23 | Create | Villager (Male) |
| 4:43 | Build | Lumber Camp |
| 4:48 | Create | Villager (Male) |
| 4:48 | Create | Villager (Male) |
| 5:13 | Create | Villager (Male) |
| 5:14 | Create | Villager (Male) |
| 5:31 | Create | Villager (Male) |
| 5:31 | Create | Villager (Male) |
| 5:31 | Create | Villager (Male) |
| 5:47 | Build | House |
| 6:07 | Create | Villager (Male) |
| 6:08 | Create | Villager (Male) |
| 6:08 | Create | Villager (Male) |
| 6:20 | Create | Villager (Male) |
| 6:20 | Create | Villager (Male) |
| 6:20 | Create | Villager (Male) |
| 6:41 | Create | Villager (Male) |
| 6:41 | Create | Villager (Male) |
| 6:41 | Create | Villager (Male) |
| 6:46 | Create | Villager (Male) |
| 6:46 | Create | Villager (Male) |
| 7:09 | Build | Mill |
| 7:38 | Research | Loom |
| 8:16 | Build | House |
| 8:33 | Create | Villager (Male) |
| 9:27 | Research | Feudal Age |
| 9:56 | Build | Barracks |
| 10:59 | Build | House |
| 11:42 | Create | Villager (Male) |
| 11:42 | Age | Feudal Age |
| 11:49 | Build | Stable |
| 11:58 | Research | Double-Bit Axe |
| 11:58 | Create | Villager (Male) |
| 12:15 | Create | Villager (Male) |
| 12:21 | Create | Scout Cavalry ×5 |
| 12:33 | Build | Mill |
| 12:45 | Create | Villager (Male) |
| 12:50 | Build | House |
| 13:28 | Build | House |
| 13:41 | Create | Villager (Male) |
| 13:41 | Create | Villager (Male) |
| 14:02 | Create | Villager (Male) |
| 14:04 | Build | Blacksmith |
| 14:22 | Research | Wheelbarrow |
| 14:50 | Research | Forging |
| 14:52 | Research | Scale Barding Armor |
| 14:54 | Create | Villager (Male) |
| 15:11 | Create | Scout Cavalry |
| 15:11 | Create | Scout Cavalry |
| 15:11 | Create | Scout Cavalry |
| 15:12 | Create | Scout Cavalry |
| 15:18 | Build | Farm |
| 15:19 | Build | Farm |
| 15:20 | Create | Villager (Male) |
| 15:40 | Create | Villager (Male) |
| 15:41 | Create | Villager (Male) |
| 16:04 | Create | Villager (Male) |
| 16:29 | Build | Farm |
| 16:30 | Build | Farm |
| 16:31 | Create | Villager (Male) |
| 16:42 | Build | House |
| 17:04 | Create | Villager (Male) |
| 17:43 | Create | Villager (Male) |
| 17:45 | Build | Farm |
| 17:47 | Build | Farm |
| 17:48 | Create | Villager (Male) |
| 17:56 | Build | Mill |
| 18:22 | Build | House |
| 19:03 | Create | Villager (Male) |
| 19:21 | Create | Spearman |
| 19:21 | Create | Spearman |
| 19:25 | Build | Farm |
| 19:26 | Build | Farm |
| 19:39 | Create | Villager (Male) |
| 19:41 | Build | Farm |
| 19:42 | Build | Farm |
| 19:51 | Build | Palisade Wall |
| 19:53 | Create | Villager (Male) |
| 20:08 | Build | Farm |
| 20:10 | Build | Farm |
| 20:26 | Create | Spearman |
| 20:33 | Build | Palisade Wall |
| 20:44 | Build | Lumber Camp |
| 20:47 | Build | House |
| 20:50 | Create | Villager (Male) |
| 21:01 | Build | Farm |
| 21:20 | Build | Palisade Wall |
| 21:28 | Build | House |
| 21:32 | Build | House |
| 21:35 | Build | Palisade Wall |
| 21:39 | Create | Villager (Male) |
| 21:42 | Build | Farm |
| 21:44 | Create | Villager (Male) |
| 22:17 | Build | Lumber Camp |
| 22:18 | Create | Villager (Male) |
| 22:23 | Create | Villager (Male) |
| 22:29 | Create | Scout Cavalry ×5 |
| 22:44 | Build | Mining Camp |
| 23:13 | Create | Villager (Male) |
| 23:45 | Build | Market |
| 24:04 | Create | Villager (Male) |
| 24:05 | Create | Villager (Male) |
| 24:13 | Create | Scout Cavalry |
| 24:13 | Create | Scout Cavalry |
| 24:13 | Create | Scout Cavalry |
| 24:18 | Build | House |
| 24:20 | Build | House |
| 24:54 | Research | Castle Age |
| 25:00 | Build | Stable |
| 25:07 | Build | Farm |
| 25:21 | Create | Spearman |
| 25:21 | Create | Spearman |
| 25:55 | Build | Stable |
| 26:12 | Create | Scout Cavalry |
| 26:12 | Create | Scout Cavalry |
| 26:12 | Create | Scout Cavalry |
| 26:13 | Create | Scout Cavalry |
| 26:13 | Create | Scout Cavalry |
| 26:39 | Build | House |
| 26:47 | Research | Bloodlines |
| 27:14 | Build | Palisade Gate |
| 27:21 | Create | Scout Cavalry |
| 27:21 | Create | Scout Cavalry |
| 27:21 | Create | Scout Cavalry |
| 27:22 | Create | Scout Cavalry |
| 27:22 | Create | Scout Cavalry |
| 27:34 | Age | Castle Age |
| 27:41 | Research | Light Cavalry (upgrade) |
| 27:49 | Create | Villager (Male) |
| 27:49 | Create | Villager (Male) |
| 27:50 | Create | Villager (Male) |
| 27:56 | Build | Town Center |
| 28:03 | Research | Chain Barding Armor |
| 28:10 | Research | Husbandry |
Build order — HK | El Chairo
First 150 of 382 actions detected
| 0:08 | Build | Town Center |
| 0:14 | Build | House |
| 1:16 | Build | Lumber Camp |
| 1:19 | Build | Palisade Wall |
| 1:19 | Build | Palisade Wall |
| 2:30 | Create | Villager (Male) |
| 2:30 | Create | Villager (Male) |
| 2:31 | Create | Villager (Male) ×2 |
| 2:31 | Create | Villager (Male) ×2 |
| 3:26 | Create | Villager (Male) |
| 4:05 | Create | Villager (Male) |
| 4:18 | Build | House |
| 4:34 | Create | Villager (Male) |
| 5:01 | Create | Villager (Male) |
| 5:01 | Create | Villager (Male) |
| 5:10 | Build | Lumber Camp |
| 5:29 | Create | Villager (Male) |
| 5:37 | Create | Villager (Male) |
| 6:06 | Create | Villager (Male) |
| 6:06 | Create | Villager (Male) |
| 6:13 | Build | House |
| 7:04 | Create | Villager (Male) |
| 7:04 | Create | Villager (Male) |
| 7:05 | Create | Villager (Male) |
| 7:06 | Create | Villager (Male) |
| 7:34 | Build | Mill |
| 7:41 | Create | Villager (Male) |
| 7:47 | Build | House |
| 7:53 | Create | Villager (Male) |
| 7:57 | Create | Villager (Male) |
| 8:25 | Create | Villager (Male) |
| 8:27 | Create | Villager (Male) |
| 8:47 | Create | Villager (Male) |
| 9:02 | Build | Palisade Wall |
| 9:10 | Research | Loom |
| 9:18 | Build | Mill |
| 9:36 | Research | Feudal Age |
| 9:59 | Create | Villager (Male) |
| 10:37 | Build | Barracks |
| 11:26 | Create | Villager (Male) |
| 11:46 | Age | Feudal Age |
| 11:48 | Build | Stable |
| 11:52 | Research | Double-Bit Axe |
| 11:54 | Create | Villager (Male) |
| 12:21 | Build | Mill |
| 12:32 | Create | Scout Cavalry |
| 12:32 | Create | Scout Cavalry |
| 12:33 | Create | Scout Cavalry |
| 13:02 | Create | Villager (Male) |
| 13:03 | Create | Villager (Male) |
| 13:03 | Create | Villager (Male) |
| 13:29 | Build | House |
| 13:37 | Research | Wheelbarrow |
| 13:57 | Build | House |
| 13:58 | Build | House |
| 14:00 | Create | Villager (Male) |
| 14:04 | Create | Scout Cavalry |
| 14:08 | Build | Blacksmith |
| 14:27 | Create | Scout Cavalry |
| 14:32 | Build | Mining Camp |
| 14:34 | Create | Scout Cavalry |
| 14:51 | Build | House |
| 14:51 | Build | House |
| 15:10 | Research | Scale Barding Armor |
| 15:10 | Research | Scale Barding Armor |
| 15:12 | Create | Scout Cavalry |
| 15:21 | Create | Scout Cavalry |
| 15:30 | Create | Scout Cavalry |
| 15:45 | Create | Scout Cavalry |
| 15:53 | Create | Villager (Male) |
| 15:53 | Create | Villager (Male) |
| 16:01 | Create | Scout Cavalry |
| 16:06 | Create | Scout Cavalry |
| 16:11 | Build | Lumber Camp |
| 16:13 | Create | Scout Cavalry |
| 16:20 | Build | Farm |
| 16:21 | Build | Farm |
| 16:21 | Create | Villager (Male) |
| 16:22 | Build | Farm |
| 16:25 | Create | Scout Cavalry |
| 16:26 | Create | Scout Cavalry |
| 17:01 | Create | Villager (Male) |
| 17:03 | Build | Farm |
| 17:03 | Create | Villager (Male) |
| 17:20 | Build | Farm |
| 17:25 | Build | Mill |
| 17:38 | Build | Lumber Camp |
| 17:44 | Create | Villager (Male) |
| 18:15 | Create | Villager (Male) |
| 18:23 | Create | Villager (Male) |
| 18:32 | Create | Spearman |
| 18:33 | Create | Spearman |
| 18:35 | Create | Villager (Male) |
| 18:37 | Build | Farm |
| 18:39 | Build | Farm |
| 18:50 | Create | Scout Cavalry |
| 18:51 | Create | Scout Cavalry |
| 18:56 | Build | Market |
| 19:02 | Create | Spearman |
| 19:02 | Create | Spearman |
| 19:13 | Create | Villager (Male) |
| 19:18 | Research | Scale Mail Armor |
| 19:31 | Research | Bloodlines |
| 19:32 | Create | Spearman |
| 19:47 | Build | Farm |
| 19:48 | Build | Farm |
| 19:49 | Build | Farm |
| 20:06 | Create | Villager (Male) |
| 20:06 | Create | Villager (Male) |
| 20:48 | Research | Castle Age |
| 21:19 | Create | Villager (Male) |
| 21:52 | Create | Spearman |
| 21:52 | Create | Spearman |
| 22:05 | Create | Scout Cavalry |
| 22:05 | Create | Scout Cavalry |
| 22:09 | Research | Bloodlines |
| 22:35 | Create | Spearman |
| 22:52 | Build | House |
| 23:02 | Build | Stable |
| 23:19 | Research | Gold Mining |
| 23:28 | Age | Castle Age |
| 23:30 | Research | Husbandry |
| 23:31 | Research | Chain Barding Armor |
| 23:31 | Research | Chain Barding Armor |
| 23:34 | Create | Villager (Male) |
| 23:37 | Build | Town Center |
| 23:42 | Research | Bow Saw |
| 23:58 | Create | Knight |
| 23:58 | Create | Knight |
| 24:01 | Create | Villager (Male) |
| 24:18 | Research | Horse Collar |
| 24:21 | Build | Farm |
| 24:22 | Build | Farm |
| 24:37 | Create | Knight |
| 24:37 | Create | Knight |
| 24:49 | Create | Villager (Male) ×3 |
| 24:52 | Create | Villager (Male) |
| 24:54 | Create | Knight |
| 25:20 | Build | House |
| 25:20 | Build | House |
| 25:27 | Build | Palisade Gate |
| 25:35 | Create | Knight |
| 25:35 | Create | Knight |
| 25:36 | Create | Villager (Male) ×3 |
| 25:53 | Create | Villager (Male) |
| 25:59 | Build | Farm |
| 25:59 | Build | Farm |
| 25:59 | Build | Farm |
| 25:59 | Build | Farm |
| 26:09 | Build | Farm |
Build order — FMG | Camilo
First 150 of 412 actions detected
| 0:29 | Build | Town Center |
| 2:44 | Research | Loom |
| 2:44 | Research | Loom |
| 2:59 | Build | House |
| 3:09 | Create | Villager (Male) |
| 3:10 | Create | Villager (Male) |
| 3:42 | Create | Villager (Male) |
| 3:42 | Create | Villager (Male) |
| 4:00 | Create | Villager (Male) |
| 4:00 | Create | Villager (Male) |
| 4:24 | Create | Villager (Male) |
| 4:25 | Create | Villager (Male) |
| 4:53 | Create | Villager (Male) |
| 4:53 | Create | Villager (Male) |
| 4:53 | Create | Villager (Male) |
| 5:12 | Create | Villager (Male) |
| 5:12 | Create | Villager (Male) |
| 5:26 | Build | Lumber Camp |
| 5:43 | Create | Villager (Male) |
| 5:43 | Create | Villager (Male) |
| 6:02 | Create | Villager (Male) |
| 6:50 | Build | House |
| 6:55 | Create | Villager (Male) |
| 7:04 | Create | Villager (Male) |
| 7:12 | Create | Villager (Male) |
| 7:12 | Create | Villager (Male) |
| 7:49 | Create | Villager (Male) |
| 7:53 | Build | House |
| 8:34 | Build | House |
| 9:01 | Build | Mill |
| 9:14 | Create | Villager (Male) |
| 9:29 | Research | Feudal Age |
| 9:30 | Research | Feudal Age |
| 10:52 | Build | Barracks |
| 11:38 | Create | Villager (Male) |
| 11:50 | Age | Feudal Age |
| 11:52 | Build | Stable |
| 12:05 | Create | Spearman |
| 12:07 | Research | Double-Bit Axe |
| 12:10 | Build | House |
| 12:13 | Build | Palisade Wall |
| 12:14 | Build | Palisade Wall |
| 12:15 | Build | Palisade Wall |
| 12:17 | Create | Villager (Male) |
| 12:32 | Create | Scout Cavalry |
| 12:59 | Create | Villager (Male) |
| 13:00 | Create | Scout Cavalry |
| 13:12 | Create | Scout Cavalry |
| 13:19 | Build | Mill |
| 13:28 | Create | Scout Cavalry |
| 13:48 | Create | Scout Cavalry |
| 13:51 | Create | Spearman |
| 14:03 | Create | Villager (Male) |
| 14:04 | Create | Villager (Male) |
| 14:07 | Build | House |
| 14:35 | Create | Villager (Male) |
| 14:38 | Create | Scout Cavalry |
| 14:51 | Build | Watch Tower |
| 14:55 | Build | Mining Camp |
| 14:58 | Create | Scout Cavalry |
| 15:15 | Create | Spearman |
| 15:28 | Create | Scout Cavalry |
| 15:32 | Build | Stable |
| 15:32 | Create | Villager (Male) |
| 15:40 | Create | Villager (Male) |
| 15:56 | Create | Scout Cavalry |
| 15:58 | Build | House |
| 16:29 | Create | Villager (Male) |
| 16:30 | Create | Scout Cavalry |
| 16:31 | Create | Scout Cavalry |
| 16:32 | Build | Blacksmith |
| 16:42 | Build | Watch Tower |
| 16:45 | Build | Mining Camp |
| 16:51 | Create | Villager (Male) |
| 16:57 | Create | Scout Cavalry |
| 17:26 | Create | Villager (Male) |
| 17:30 | Research | Town Watch |
| 17:30 | Research | Town Watch |
| 17:32 | Build | House |
| 17:36 | Research | Forging |
| 17:49 | Create | Villager (Male) |
| 17:52 | Build | Farm |
| 18:02 | Build | House |
| 18:02 | Build | House |
| 18:06 | Create | Villager (Male) |
| 18:13 | Create | Scout Cavalry |
| 18:13 | Create | Scout Cavalry |
| 18:15 | Create | Villager (Male) |
| 18:19 | Build | Farm |
| 18:22 | Create | Villager (Male) |
| 18:48 | Create | Villager (Male) |
| 19:16 | Create | Spearman |
| 19:24 | Create | Villager (Male) |
| 19:48 | Create | Villager (Male) |
| 19:50 | Create | Scout Cavalry |
| 19:51 | Create | Scout Cavalry |
| 19:53 | Build | Farm |
| 19:54 | Build | Farm |
| 19:54 | Build | Farm |
| 19:54 | Build | Farm |
| 19:54 | Build | Farm |
| 19:57 | Research | Horse Collar |
| 19:57 | Research | Horse Collar |
| 19:57 | Create | Villager (Male) |
| 20:17 | Build | Watch Tower |
| 20:18 | Create | Villager (Male) |
| 20:40 | Create | Villager (Male) |
| 20:40 | Create | Villager (Male) |
| 20:43 | Build | Farm |
| 20:51 | Create | Spearman |
| 21:00 | Build | Farm |
| 21:07 | Create | Villager (Male) |
| 21:14 | Create | Villager (Male) |
| 21:31 | Build | Mill |
| 21:34 | Build | Farm |
| 21:35 | Build | Farm |
| 21:36 | Create | Spearman |
| 21:37 | Create | Villager (Male) |
| 21:39 | Create | Villager (Male) |
| 21:55 | Build | Farm |
| 22:01 | Create | Spearman |
| 22:06 | Research | Scale Mail Armor |
| 22:10 | Create | Scout Cavalry |
| 22:10 | Create | Scout Cavalry |
| 22:22 | Build | Farm |
| 22:23 | Create | Villager (Male) |
| 22:59 | Create | Villager (Male) |
| 23:00 | Create | Villager (Male) |
| 23:27 | Create | Villager (Male) |
| 23:58 | Research | Castle Age |
| 23:58 | Research | Castle Age |
| 24:08 | Create | Spearman |
| 24:08 | Create | Spearman |
| 24:19 | Build | Farm |
| 24:31 | Research | Bloodlines |
| 24:45 | Build | House |
| 24:46 | Build | House |
| 24:55 | Create | Scout Cavalry |
| 24:55 | Create | Scout Cavalry |
| 24:59 | Build | Barracks |
| 25:08 | Research | Scale Barding Armor |
| 25:17 | Research | Scale Mail Armor |
| 25:17 | Research | Scale Mail Armor |
| 25:55 | Build | House |
| 25:57 | Build | House |
| 25:59 | Build | Barracks |
| 26:01 | Create | Villager (Male) |
| 26:38 | Age | Castle Age |
| 26:40 | Create | Villager (Male) |
| 26:43 | Create | Fire Lancer |
Build order — EXILE | Neany
First 150 of 193 actions detected
| 0:09 | Build | Town Center |
| 0:27 | Build | House |
| 2:24 | Research | Loom |
| 2:25 | Create | Villager (Male) |
| 2:26 | Create | Villager (Male) |
| 2:27 | Create | Villager (Male) |
| 2:27 | Create | Villager (Male) |
| 3:36 | Create | Villager (Male) |
| 3:36 | Create | Villager (Male) |
| 4:39 | Create | Villager (Male) |
| 4:39 | Create | Villager (Male) |
| 4:40 | Create | Villager (Male) |
| 4:57 | Build | House |
| 5:04 | Create | Villager (Male) |
| 5:05 | Create | Villager (Male) |
| 5:11 | Build | Lumber Camp |
| 5:22 | Build | House |
| 5:25 | Create | Villager (Male) |
| 5:26 | Create | Villager (Male) |
| 5:54 | Create | Villager (Male) |
| 5:54 | Create | Villager (Male) |
| 6:05 | Create | Villager (Male) |
| 6:05 | Create | Villager (Male) |
| 6:29 | Build | House |
| 6:34 | Create | Villager (Male) |
| 6:35 | Create | Villager (Male) |
| 7:07 | Create | Villager (Male) |
| 7:08 | Create | Villager (Male) |
| 7:21 | Create | Villager (Male) |
| 7:21 | Create | Villager (Male) |
| 7:52 | Create | Villager (Male) |
| 7:52 | Create | Villager (Male) |
| 7:52 | Create | Villager (Male) |
| 7:57 | Build | Mill |
| 9:57 | Research | Feudal Age |
| 10:17 | Build | Mining Camp |
| 10:54 | Build | Outpost |
| 11:16 | Build | House |
| 11:48 | Create | Villager (Male) |
| 11:52 | Create | Villager (Male) |
| 12:07 | Age | Feudal Age |
| 12:15 | Build | Watch Tower |
| 12:18 | Build | Palisade Gate |
| 12:30 | Research | Double-Bit Axe |
| 12:45 | Create | Villager (Male) |
| 12:45 | Create | Villager (Male) |
| 13:09 | Build | Watch Tower |
| 13:55 | Build | Gate |
| 13:59 | Create | Villager (Male) |
| 13:59 | Create | Villager (Male) |
| 14:06 | Build | Gate |
| 14:15 | Build | Gate |
| 14:22 | Build | Watch Tower |
| 14:37 | Build | Gate |
| 15:29 | Build | Palisade Wall |
| 15:32 | Create | Villager (Male) |
| 15:33 | Create | Villager (Male) |
| 15:58 | Create | Villager (Male) |
| 15:58 | Create | Villager (Male) |
| 16:08 | Build | Gate |
| 16:13 | Build | Palisade Wall |
| 16:21 | Build | Palisade Gate |
| 16:24 | Build | House |
| 16:37 | Build | Watch Tower |
| 16:54 | Build | Gate |
| 17:01 | Build | Gate |
| 17:06 | Create | Villager (Male) |
| 17:06 | Create | Villager (Male) |
| 17:54 | Build | Farm |
| 17:55 | Build | Farm |
| 17:57 | Build | Farm |
| 17:59 | Build | Farm |
| 18:19 | Build | Palisade Wall |
| 18:24 | Build | Palisade Wall |
| 18:27 | Build | Farm |
| 18:29 | Build | Farm |
| 18:30 | Build | Farm |
| 18:30 | Build | Farm |
| 18:38 | Build | Gate |
| 18:42 | Build | Stone Wall |
| 18:53 | Create | Villager (Male) |
| 18:53 | Create | Villager (Male) |
| 19:52 | Build | Farm |
| 19:54 | Build | Farm |
| 20:21 | Build | Farm |
| 20:25 | Build | Farm |
| 20:27 | Create | Villager (Male) |
| 20:27 | Create | Villager (Male) |
| 20:43 | Build | Barracks |
| 20:55 | Research | Horse Collar |
| 21:09 | Create | Villager (Male) |
| 21:10 | Create | Villager (Male) |
| 21:37 | Build | Farm |
| 21:54 | Build | Mining Camp |
| 21:55 | Create | Villager (Male) |
| 21:55 | Create | Villager (Male) |
| 21:55 | Create | Villager (Male) |
| 21:56 | Create | Villager (Male) |
| 22:04 | Create | Spearman |
| 22:22 | Create | Villager (Male) |
| 22:22 | Create | Villager (Male) |
| 22:24 | Create | Villager (Male) |
| 22:24 | Create | Villager (Male) |
| 22:58 | Build | Stone Wall |
| 23:04 | Create | Spearman |
| 23:13 | Build | Gate |
| 23:17 | Build | House |
| 23:20 | Build | Palisade Wall |
| 23:37 | Create | Villager (Male) |
| 23:38 | Create | Villager (Male) |
| 23:38 | Create | Villager (Male) |
| 23:39 | Create | Villager (Male) |
| 23:39 | Create | Villager (Male) |
| 23:46 | Create | Villager (Male) |
| 24:15 | Create | Villager (Male) |
| 24:16 | Create | Villager (Male) |
| 24:16 | Create | Villager (Male) |
| 24:22 | Build | Market |
| 24:36 | Build | House |
| 25:14 | Build | Lumber Camp |
| 25:23 | Create | Villager (Male) |
| 25:28 | Build | Stone Wall |
| 25:29 | Build | Stone Wall |
| 25:31 | Build | Stone Wall |
| 25:32 | Build | Stone Wall |
| 25:33 | Build | Stone Wall |
| 25:34 | Build | Stone Wall |
| 25:35 | Build | Stone Wall |
| 25:36 | Build | Stone Wall |
| 25:38 | Build | Stone Wall |
| 25:39 | Build | Stone Wall |
| 25:49 | Create | Villager (Male) |
| 25:53 | Build | House |
| 25:54 | Build | House |
| 26:45 | Build | Blacksmith |
| 27:17 | Build | Farm |
| 27:48 | Build | Mining Camp |
| 28:03 | Build | Blacksmith |
| 28:43 | Research | Castle Age |
| 29:04 | Create | Spearman |
| 29:04 | Create | Spearman |
| 29:36 | Research | Fletching |
| 29:36 | Research | Padded Archer Armor |
| 29:39 | Build | Archery Range |
| 29:40 | Build | Archery Range |
| 30:11 | Research | Padded Archer Armor |
| 30:32 | Build | Stone Wall |
| 30:34 | Build | Stone Wall |
| 30:36 | Build | Stone Wall |
| 30:56 | Build | Gate |
Build order — |FMG| Nadie
First 150 of 350 actions detected
| 0:16 | Build | Town Center |
| 0:44 | Build | House |
| 0:46 | Build | House |
| 2:27 | Create | Villager (Male) |
| 2:27 | Create | Villager (Male) |
| 2:28 | Create | Villager (Male) |
| 2:31 | Create | Villager (Male) |
| 3:30 | Create | Villager (Male) |
| 4:13 | Create | Villager (Male) |
| 4:52 | Create | Villager (Male) |
| 5:20 | Create | Villager (Male) |
| 5:28 | Create | Villager (Male) |
| 6:04 | Create | Villager (Male) |
| 6:35 | Create | Villager (Male) |
| 6:50 | Build | Mill |
| 6:54 | Build | House |
| 6:56 | Build | House |
| 7:01 | Build | House |
| 7:15 | Create | Villager (Male) |
| 7:15 | Create | Villager (Male) |
| 7:15 | Create | Villager (Male) |
| 7:38 | Create | Villager (Male) |
| 8:02 | Create | Villager (Male) |
| 8:38 | Create | Villager (Male) |
| 8:54 | Create | Villager (Male) |
| 9:29 | Build | Barracks |
| 9:49 | Create | Villager (Male) |
| 9:51 | Build | Mining Camp |
| 10:35 | Create | Villager (Male) |
| 10:40 | Build | House |
| 10:56 | Research | Feudal Age |
| 11:02 | Build | House |
| 11:30 | Build | House |
| 11:48 | Create | Villager (Male) |
| 12:22 | Build | Palisade Wall |
| 12:25 | Build | Palisade Wall |
| 12:26 | Build | Palisade Wall |
| 12:31 | Build | Palisade Wall |
| 12:31 | Build | Palisade Wall |
| 12:35 | Build | Palisade Wall |
| 12:47 | Create | Villager (Male) |
| 13:10 | Age | Feudal Age |
| 13:14 | Build | Stable |
| 13:18 | Build | Market |
| 13:20 | Create | Spearman |
| 13:21 | Create | Villager (Male) |
| 13:28 | Research | Loom |
| 13:45 | Build | Mining Camp |
| 13:50 | Create | Villager (Male) |
| 14:33 | Research | Castle Age |
| 15:09 | Create | Spearman |
| 15:14 | Build | Palisade Wall |
| 15:24 | Build | Palisade Wall |
| 15:25 | Build | Palisade Wall |
| 15:27 | Build | Palisade Wall |
| 15:38 | Create | Spearman |
| 15:56 | Create | Spearman |
| 16:15 | Create | Spearman |
| 16:20 | Create | Scout Cavalry |
| 16:58 | Build | House |
| 17:02 | Build | Palisade Wall |
| 17:03 | Build | Palisade Wall |
| 17:04 | Build | Palisade Wall |
| 17:07 | Build | Palisade Wall |
| 17:09 | Build | Palisade Wall |
| 17:13 | Age | Castle Age |
| 17:18 | Build | Palisade Wall |
| 17:20 | Build | Palisade Wall |
| 17:22 | Build | Palisade Wall |
| 17:34 | Create | Spearman |
| 17:36 | Create | Knight |
| 17:37 | Create | Villager (Male) |
| 18:05 | Create | Knight |
| 18:18 | Create | Villager (Male) |
| 18:35 | Create | Villager (Male) |
| 19:06 | Build | Castle |
| 19:20 | Create | Villager (Male) |
| 19:44 | Create | Spearman |
| 19:46 | Create | Spearman |
| 20:08 | Build | Farm |
| 20:09 | Build | Farm |
| 20:25 | Create | Magyar Huszar |
| 20:25 | Create | Magyar Huszar |
| 20:50 | Build | Town Center |
| 21:14 | Create | Spearman |
| 21:17 | Build | Palisade Wall |
| 21:38 | Create | Villager (Male) |
| 21:57 | Build | Farm |
| 21:59 | Create | Villager (Male) |
| 22:08 | Create | Magyar Huszar |
| 22:25 | Build | Lumber Camp |
| 23:12 | Create | Villager (Male) |
| 23:25 | Create | Villager (Male) |
| 23:26 | Create | Magyar Huszar |
| 23:41 | Create | Villager (Male) |
| 24:02 | Create | Villager (Male) |
| 24:03 | Create | Villager (Male) |
| 24:04 | Create | Magyar Huszar |
| 24:15 | Research | Double-Bit Axe |
| 24:29 | Create | Magyar Huszar |
| 24:42 | Create | Villager (Male) |
| 24:45 | Create | Villager (Male) |
| 24:59 | Build | House |
| 25:01 | Build | Palisade Wall |
| 25:18 | Create | Magyar Huszar |
| 25:22 | Create | Villager (Male) |
| 25:37 | Create | Villager (Male) |
| 25:45 | Create | Magyar Huszar |
| 25:47 | Create | Magyar Huszar |
| 25:49 | Create | Villager (Male) |
| 25:58 | Build | Mill |
| 26:09 | Create | Villager (Male) |
| 26:11 | Build | House |
| 26:21 | Create | Villager (Male) |
| 26:34 | Create | Magyar Huszar |
| 26:36 | Create | Villager (Male) |
| 26:59 | Create | Magyar Huszar |
| 27:00 | Create | Villager (Male) |
| 27:07 | Create | Villager (Male) |
| 27:33 | Create | Villager (Male) |
| 27:41 | Build | Town Center |
| 27:45 | Create | Villager (Male) |
| 27:55 | Create | Magyar Huszar |
| 27:56 | Create | Magyar Huszar |
| 28:00 | Create | Villager (Male) |
| 28:04 | Build | Mill |
| 28:19 | Create | Villager (Male) |
| 28:22 | Build | Farm |
| 28:25 | Create | Villager (Male) |
| 28:39 | Research | Bloodlines |
| 28:54 | Create | Villager (Male) |
| 28:58 | Build | Farm |
| 29:04 | Create | Villager (Male) |
| 29:11 | Create | Magyar Huszar |
| 29:12 | Create | Villager (Male) |
| 29:23 | Create | Villager (Male) |
| 29:38 | Build | House |
| 29:42 | Build | House |
| 29:48 | Research | Husbandry |
| 29:50 | Create | Villager (Male) |
| 29:59 | Create | Villager (Male) |
| 30:04 | Build | House |
| 30:12 | Create | Villager (Male) |
| 30:13 | Create | Villager (Male) |
| 30:39 | Create | Villager (Male) |
| 30:40 | Create | Villager (Male) |
| 30:56 | Create | Magyar Huszar |
| 30:57 | Create | Magyar Huszar |
| 31:07 | Build | Monastery |
| 31:08 | Create | Villager (Male) |
Build order — |FMG| TINCHO
First 150 of 411 actions detected
| 0:16 | Build | Town Center |
| 2:23 | Create | Villager (Male) |
| 2:23 | Create | Villager (Male) |
| 2:23 | Create | Villager (Male) |
| 2:25 | Create | Villager (Male) |
| 2:28 | Build | House |
| 3:20 | Create | Villager (Male) |
| 3:20 | Create | Villager (Male) |
| 4:03 | Create | Villager (Male) |
| 4:03 | Create | Villager (Male) |
| 4:29 | Create | Villager (Male) |
| 4:30 | Create | Villager (Male) |
| 4:43 | Build | House |
| 4:53 | Create | Villager (Male) |
| 4:53 | Create | Villager (Male) |
| 4:59 | Build | Lumber Camp |
| 5:31 | Create | Villager (Male) |
| 5:31 | Create | Villager (Male) |
| 5:49 | Build | House |
| 6:23 | Create | Villager (Male) |
| 6:37 | Create | Villager (Male) |
| 6:47 | Build | Mill |
| 6:51 | Create | Villager (Male) |
| 7:32 | Create | Villager (Male) |
| 7:58 | Create | Villager (Male) |
| 8:07 | Create | Villager (Male) |
| 8:10 | Build | House |
| 8:34 | Create | Villager (Male) |
| 8:59 | Create | Villager (Male) |
| 9:34 | Build | Mining Camp |
| 9:51 | Research | Loom |
| 10:14 | Research | Feudal Age |
| 11:09 | Create | Villager (Male) |
| 11:09 | Create | Villager (Male) |
| 12:28 | Age | Feudal Age |
| 12:31 | Build | Market |
| 12:34 | Build | Blacksmith |
| 13:25 | Research | Castle Age |
| 13:25 | Research | Castle Age |
| 13:51 | Build | House |
| 14:29 | Build | Mill |
| 14:52 | Research | Double-Bit Axe |
| 15:46 | Create | Villager (Male) |
| 16:05 | Age | Castle Age |
| 16:08 | Build | Town Center |
| 16:09 | Create | Villager (Male) |
| 16:21 | Create | Villager (Male) |
| 16:45 | Create | Trade Cart |
| 16:55 | Build | Town Center |
| 17:03 | Build | Palisade Wall |
| 17:04 | Create | Villager (Male) |
| 17:06 | Build | Palisade Wall |
| 17:07 | Build | Palisade Wall |
| 17:15 | Build | Palisade Wall |
| 17:16 | Build | Palisade Wall |
| 17:33 | Create | Villager (Male) |
| 17:37 | Create | Villager (Male) |
| 17:42 | Create | Villager (Male) |
| 17:43 | Create | Villager (Male) |
| 17:53 | Build | Palisade Wall |
| 17:56 | Create | Villager (Male) |
| 18:02 | Create | Villager (Male) |
| 18:12 | Create | Villager (Male) |
| 18:23 | Create | Villager (Male) |
| 18:30 | Create | Villager (Male) |
| 18:37 | Create | Villager (Male) |
| 18:42 | Create | Villager (Male) |
| 19:05 | Create | Villager (Male) |
| 19:06 | Research | Bow Saw |
| 19:15 | Build | House |
| 19:29 | Create | Villager (Male) |
| 20:05 | Create | Villager (Male) |
| 20:05 | Create | Villager (Male) |
| 20:12 | Create | Villager (Male) |
| 20:19 | Create | Villager (Male) |
| 20:38 | Create | Villager (Male) |
| 20:39 | Create | Villager (Male) |
| 20:46 | Build | Farm |
| 21:07 | Build | Farm |
| 21:07 | Create | Villager (Male) |
| 21:07 | Create | Villager (Male) |
| 21:14 | Build | House |
| 21:15 | Research | Horse Collar |
| 21:25 | Create | Villager (Male) |
| 21:28 | Build | Farm |
| 21:28 | Create | Villager (Male) |
| 21:31 | Build | Farm |
| 21:31 | Create | Villager (Male) |
| 21:34 | Build | House |
| 21:38 | Create | Villager (Male) |
| 21:43 | Build | Farm |
| 21:43 | Create | Villager (Male) |
| 21:53 | Build | House |
| 21:55 | Build | House |
| 22:10 | Build | Farm |
| 22:14 | Create | Villager (Male) |
| 22:21 | Build | Farm |
| 22:26 | Build | House |
| 22:30 | Build | Farm |
| 22:30 | Create | Villager (Male) |
| 22:35 | Build | Farm |
| 22:41 | Create | Villager (Male) |
| 22:44 | Build | Mining Camp |
| 22:46 | Build | Farm |
| 22:46 | Create | Villager (Male) |
| 22:49 | Research | Town Watch |
| 22:49 | Create | Villager (Male) |
| 22:54 | Build | Farm |
| 22:57 | Build | Farm |
| 23:04 | Build | Farm |
| 23:07 | Build | Farm |
| 23:07 | Create | Villager (Male) |
| 23:12 | Build | Farm |
| 23:17 | Build | Farm |
| 23:31 | Create | Villager (Male) |
| 23:36 | Create | Villager (Male) |
| 24:01 | Create | Villager (Male) |
| 24:01 | Create | Villager (Male) |
| 24:14 | Build | Castle |
| 24:21 | Create | Villager (Male) |
| 24:24 | Build | Farm |
| 24:25 | Create | Villager (Male) |
| 24:32 | Build | Farm |
| 24:41 | Research | Gold Mining |
| 24:46 | Research | Fletching |
| 24:46 | Research | Fletching |
| 24:54 | Create | Villager (Male) |
| 24:59 | Build | Town Center |
| 25:02 | Create | Villager (Male) |
| 25:09 | Build | Farm |
| 25:11 | Create | Villager (Male) |
| 25:32 | Create | Villager (Male) |
| 26:03 | Create | Villager (Male) |
| 26:08 | Create | Villager (Male) |
| 26:09 | Build | Farm |
| 26:10 | Build | Farm |
| 26:10 | Build | Farm |
| 26:11 | Create | Villager (Male) |
| 26:12 | Create | Villager (Male) |
| 26:13 | Create | Villager (Male) |
| 26:14 | Create | Rattan Archer |
| 26:15 | Create | Rattan Archer |
| 26:15 | Create | Rattan Archer |
| 26:16 | Create | Rattan Archer |
| 26:16 | Create | Rattan Archer |
| 26:22 | Create | Rattan Archer |
| 26:22 | Create | Villager (Male) |
| 26:27 | Build | Farm |
| 26:28 | Build | Farm |
| 26:28 | Build | Farm |
Match timeline
| 1:19 | HK | El Chairo · wall_segment Palisade Wall x1 |
| 1:19 | HK | El Chairo · wall_segment Palisade Wall x1 |
| 9:02 | HK | El Chairo · wall_segment Palisade Wall x1 |
| 9:29 | |FMG| Nadie · first_building Barracks |
| 9:56 | EXILE | Obi · first_building Barracks |
| 10:37 | HK | El Chairo · first_building Barracks |
| 10:52 | FMG | Camilo · first_building Barracks |
| 11:42 | EXILE | Obi · age_up feudal |
| 11:46 | HK | El Chairo · age_up feudal |
| 11:48 | HK | El Chairo · first_building Stable |
| 11:49 | EXILE | Obi · first_building Stable |
| 11:50 | FMG | Camilo · age_up feudal |
| 11:52 | FMG | Camilo · first_building Stable |
| 12:07 | EXILE | Neany · age_up feudal |
| 12:13 | FMG | Camilo · wall_segment Palisade Wall x4 |
| 12:14 | FMG | Camilo · wall_segment Palisade Wall x6 |
| 12:15 | FMG | Camilo · wall_segment Palisade Wall x6 |
| 12:22 | |FMG| Nadie · wall_segment Palisade Wall x1 |
| 12:25 | |FMG| Nadie · wall_segment Palisade Wall x1 |
| 12:26 | |FMG| Nadie · wall_segment Palisade Wall x1 |
| 12:28 | |FMG| TINCHO · age_up feudal |
| 12:31 | |FMG| Nadie · wall_segment Palisade Wall x1 |
| 12:31 | |FMG| Nadie · wall_segment Palisade Wall x1 |
| 12:35 | |FMG| Nadie · wall_segment Palisade Wall x1 |
| 13:10 | |FMG| Nadie · age_up feudal |
| 13:14 | |FMG| Nadie · first_building Stable |
| 13:21 | |FMG| TINCHO · first_market_buy 100 food |
| 13:22 | |FMG| TINCHO · first_market_sell 100 wood |
| 14:32 | |FMG| Nadie · first_market_buy 100 food |
| 15:14 | |FMG| Nadie · wall_segment Palisade Wall x1 |
| 15:24 | |FMG| Nadie · wall_segment Palisade Wall x1 |
| 15:25 | |FMG| Nadie · wall_segment Palisade Wall x1 |
| 15:27 | |FMG| Nadie · wall_segment Palisade Wall x1 |
| 15:29 | EXILE | Neany · wall_segment Palisade Wall x1 |
| 16:05 | |FMG| TINCHO · age_up castle |
| 16:13 | EXILE | Neany · wall_segment Palisade Wall x1 |
| 17:02 | |FMG| Nadie · wall_segment Palisade Wall x1 |
| 17:03 | |FMG| Nadie · wall_segment Palisade Wall x1 |
| 17:03 | |FMG| TINCHO · wall_segment Palisade Wall x1 |
| 17:04 | |FMG| Nadie · wall_segment Palisade Wall x1 |
| 17:06 | |FMG| TINCHO · wall_segment Palisade Wall x1 |
| 17:07 | |FMG| Nadie · wall_segment Palisade Wall x1 |
| 17:07 | |FMG| TINCHO · wall_segment Palisade Wall x1 |
| 17:09 | |FMG| Nadie · wall_segment Palisade Wall x1 |
| 17:13 | |FMG| Nadie · age_up castle |
| 17:15 | |FMG| TINCHO · wall_segment Palisade Wall x1 |
| 17:16 | |FMG| TINCHO · wall_segment Palisade Wall x2 |
| 17:18 | |FMG| Nadie · wall_segment Palisade Wall x1 |
| 17:20 | |FMG| Nadie · wall_segment Palisade Wall x1 |
| 17:22 | |FMG| Nadie · wall_segment Palisade Wall x1 |
| 17:53 | |FMG| TINCHO · wall_segment Palisade Wall x1 |
| 18:19 | EXILE | Neany · wall_segment Palisade Wall x1 |
| 18:24 | EXILE | Neany · wall_segment Palisade Wall x1 |
| 18:31 | |FMG| Nadie · first_market_sell 100 wood |
| 18:42 | EXILE | Neany · wall_segment Stone Wall x4 |
| 19:06 | |FMG| Nadie · first_building Castle |
| 19:51 | EXILE | Obi · wall_segment Palisade Wall x9 |
| 20:29 | HK | El Chairo · first_market_sell 100 wood |
| 20:31 | HK | El Chairo · first_market_buy 100 food |
| 20:33 | EXILE | Obi · wall_segment Palisade Wall x1 |
| 20:43 | EXILE | Neany · first_building Barracks |
| 21:17 | |FMG| Nadie · wall_segment Palisade Wall x1 |
| 21:20 | EXILE | Obi · wall_segment Palisade Wall x4 |
| 21:35 | EXILE | Obi · wall_segment Palisade Wall x1 |
| 22:58 | EXILE | Neany · wall_segment Stone Wall x1 |
| 23:20 | EXILE | Neany · wall_segment Palisade Wall x1 |
| 23:28 | HK | El Chairo · age_up castle |
| 24:14 | |FMG| TINCHO · first_building Castle |
| 24:51 | EXILE | Obi · first_market_sell 100 food |
| 25:01 | |FMG| Nadie · wall_segment Palisade Wall x9 |
| 25:28 | EXILE | Neany · wall_segment Stone Wall x1 |
| 25:29 | EXILE | Neany · wall_segment Stone Wall x1 |
| 25:31 | EXILE | Neany · wall_segment Stone Wall x1 |
| 25:32 | EXILE | Neany · wall_segment Stone Wall x1 |
| 25:33 | EXILE | Neany · wall_segment Stone Wall x1 |
| 25:34 | EXILE | Neany · wall_segment Stone Wall x1 |
| 25:35 | EXILE | Neany · wall_segment Stone Wall x1 |
| 25:36 | EXILE | Neany · wall_segment Stone Wall x1 |
| 25:38 | EXILE | Neany · wall_segment Stone Wall x1 |
| 25:39 | EXILE | Neany · wall_segment Stone Wall x1 |
| 26:38 | FMG | Camilo · age_up castle |
| 27:18 | FMG | Camilo · first_building Siege Workshop |
| 27:34 | EXILE | Obi · age_up castle |
| 28:00 | FMG | Camilo · first_building Castle |
| 28:21 | |FMG| TINCHO · tribute_sent a jugador 1 |
| 28:21 | |FMG| TINCHO · tribute_sent a jugador 2 |
| 28:21 | |FMG| TINCHO · tribute_sent a jugador 3 |
| 28:21 | |FMG| TINCHO · tribute_sent a jugador 4 |
| 28:21 | |FMG| TINCHO · tribute_sent a jugador 5 |
| 28:38 | |FMG| TINCHO · tribute_sent a jugador 1 |
| 28:38 | |FMG| TINCHO · tribute_sent a jugador 2 |
| 28:38 | |FMG| TINCHO · tribute_sent a jugador 3 |
| 28:38 | |FMG| TINCHO · tribute_sent a jugador 4 |
| 28:38 | |FMG| TINCHO · tribute_sent a jugador 5 |
| 29:39 | EXILE | Neany · first_building Archery Range |
| 30:29 | |FMG| TINCHO · first_building Monastery |
| 30:32 | EXILE | Neany · wall_segment Stone Wall x1 |
| 30:34 | EXILE | Neany · wall_segment Stone Wall x1 |
| 30:36 | EXILE | Neany · wall_segment Stone Wall x1 |
| 31:05 | FMG | Camilo · first_market_sell 100 food |
| 31:06 | FMG | Camilo · first_market_buy 100 wood |
| 31:07 | |FMG| Nadie · first_building Monastery |
| 31:23 | EXILE | Neany · age_up castle |
| 31:29 | EXILE | Neany · first_building Castle |
| 31:58 | |FMG| TINCHO · wall_segment Stone Wall x1 |
| 32:01 | |FMG| TINCHO · wall_segment Stone Wall x1 |
| 32:17 | EXILE | Obi · first_market_buy 100 stone |
| 33:14 | EXILE | Obi · first_building Castle |
| 33:47 | EXILE | Neany · first_building Siege Workshop |
| 34:52 | |FMG| TINCHO · first_building Barracks |
| 35:57 | |FMG| TINCHO · first_building Archery Range |
| 36:07 | HK | El Chairo · first_building Castle |
| 36:29 | HK | El Chairo · tribute_sent a jugador 2 |
| 36:29 | HK | El Chairo · tribute_sent a jugador 3 |
| 36:29 | HK | El Chairo · tribute_sent a jugador 4 |
| 36:29 | HK | El Chairo · tribute_sent a jugador 5 |
| 36:29 | HK | El Chairo · tribute_sent a jugador 6 |
| 36:30 | EXILE | Obi · first_building Siege Workshop |
| 37:17 | |FMG| TINCHO · age_up imperial |
| 37:23 | |FMG| Nadie · wall_segment Palisade Wall x9 |
| 39:40 | |FMG| Nadie · first_building Archery Range |
| 39:52 | EXILE | Obi · first_building Archery Range |
| 40:22 | |FMG| Nadie · first_building Siege Workshop |
| 41:30 | FMG | Camilo · first_building Archery Range |
| 42:04 | HK | El Chairo · age_up imperial |
| 42:30 | HK | El Chairo · resign |
[ AI ANALYSIS · 1 CREDIT ]
What really happened in this match?
Wolo.gg analyzes every decision: build order, eco, micro, common mistakes by bracket. Personalized analysis on WhatsApp or Discord in 30 seconds.
Civ guide
Mongols
Perfil
Jugador #308753